 Dungeon Crawl Stone Soup version 0.30-a0-585-g93115170b9 (webtiles) character file.

Game seed: 10565873660118913615

218 BlackLaughter the Conjurer (level 5, -5/28 HPs)
             Began as a Deep Elf Conjurer on Jan 2, 2023.
             Slain by Menkaure (14 damage)
             ... on level 4 of the Dungeon.
             The game lasted 00:27:03 (4487 turns).

BlackLaughter the Conjurer (Deep Elf Conjurer)      Turns: 4487, Time: 00:27:04

Health: -5/28      AC:  7    Str:  4    XL:     5   Next: 63%
Magic:  14/14      EV:  5    Int: 25    God:
Gold:   218        SH:  3    Dex: 13    Spells: 13/14 levels left

rFire   . . .      SeeInvis .    l - +0 short sword
rCold   . . .      Faith    .    e - +0 buckler
rNeg    . . .      Spirit   .    g - +0 scale mail
rPois   .          Reflect  .    o - +1 hat
rElec   .          Harm     .    (no cloak)
rCorr   .          Rampage  .    (no gloves)
Will    .....                    (no boots)
Stlth   +                        (no amulet)
HPRegen 0.24/turn                (no ring)
MPRegen 0.14/turn                (no ring)

@: no status effects
A: no striking features
a: no special abilities


You were on level 4 of the Dungeon.
You visited 1 branch of the dungeon, and saw 4 of its levels.

You collected 218 gold pieces.

Inventory:

Hand Weapons
 f - a +0 dagger
 l - a +0 short sword (weapon)
Armour
 a - a +0 robe
 e - a +0 buckler (worn)
 g - a +0 scale mail (worn)
 o - a +1 hat (worn)
 t - a +0 scale mail
Scrolls
 c - 2 scrolls of teleportation {unknown}
 d - a scroll of poison {unknown}
 i - a scroll of fog {unknown}
 m - 2 scrolls of butterflies {unknown}
 n - 4 scrolls of identify {unknown}
 p - 4 scrolls of blinking {unknown}
 q - 2 scrolls of vulnerability {unknown}
 r - a scroll of magic mapping {unknown}
 s - 2 scrolls of amnesia {unknown}
 u - a scroll of fear {unknown}
 v - 2 scrolls of enchant weapon {unknown}
Potions
 b - a potion of magic
 h - a potion of cancellation {unknown}
 j - a potion of berserk rage {unknown}
 k - a potion of resistance {unknown}
 w - a potion of lignification {unknown}
 x - 2 potions of brilliance {unknown}
 z - 2 potions of might {unknown}
 A - a potion of heal wounds {unknown}


   Skills:
 + Level 0.1 Fighting
 + Level 1.6 Armour
 + Level 3.0 Dodging
 + Level 2.6 Stealth
 + Level 5.0 Spellcasting
 + Level 5.9 Conjurations


You had 13 spell levels left.
You knew the following spells:

 Your Spells              Type           Power      Damage    Failure   Level
a - Magic Dart            Conj           100%       1d8       34%         1

Your spell library contained the following spells:

 Spells                   Type           Power      Damage    Failure   Level
 Searing Ray              Conj           72%        2d7       45%         2
 Dazzling Flash           Conj/Hex       42%        N/A       98%         3
 Fulminant Prism          Conj/Hex       10%        3d9       100%        4
 Iskenderun's Mystic Bla  Conj/Tloc      21%        2d6       100%        4


Dungeon Overview and Level Annotations

Branches:
Dungeon (4/15)
 Temple: D:4-7

Altars:
Fedhas
Wu Jian

Annotations:
D:4 Menkaure


Message History

Aiming: Magic Dart (safe; 36% risk of failure)
Press: ? - help, Q - select action Shift-Dir - straight line, f/p - scorpion
Aim: a scorpion (almost dead, 100% to hit)
You miscast Magic Dart.
Nothing appears to happen.
The scorpion stings you.
* * * LOW HITPOINT WARNING * * *
Aiming: Magic Dart (safe; 36% risk of failure)
Press: ? - help, Q - select action Shift-Dir - straight line, f/p - scorpion
Aim: a scorpion (almost dead, 100% to hit)
The magic dart hits the scorpion.
You kill the scorpion!
You start resting.
Your magical contamination has completely faded away.
You start resting.
Magic restored.
You start resting.
HP restored.
You climb downwards.
Level annotation: Menkaure Menkaure blazes with dark energy!
Menkaure gestures wildly while chanting.
Menkaure seems to speed up.
There is a stone staircase leading up here.
Aiming: Magic Dart (safe; 34% risk of failure)
Press: ? - help, Q - select action Shift-Dir - straight line, f - Menkaure
Aim: Menkaure (moderately damaged, fast, 100% to hit)
The magic dart hits Menkaure!
Menkaure is heavily damaged.
Menkaure calls on the powers of darkness!
Your body is wracked with pain!
Menkaure calls on the powers of darkness!
Your body is wracked with pain!
Menkaure attacks as you move away! Menkaure barely misses you.
Menkaure hits you.
* * * LOW HITPOINT WARNING * * *
You block Menkaure's attack. Menkaure attacks as you move away!
Menkaure hits you but does no damage. Menkaure attacks as you move away!
Menkaure hits you!
Ouch! That really hurt!
You die...

####...........# ...............#
##.............# ...............#
....#.####.####..## ...#.# #.#
##.## ### #.#.####.### #..# ..#
#..........# ##.# #.#
#....@M....# #.# #.##
#..........# #.# ####..
#..........# #.##
.....#######..........####..#####
.###...........................<#
..........#......<....#.........#
..#..###..##..........#.........#
..#..###..####...##..##.........#
..............##.###..#.........#


You could see Menkaure (fast).

Vanquished Creatures
  A scorpion (D:3)
  A hound (D:3)
  2 orc wizards (D:3)
  Robin (D:2)
  3 adders
  An ufetubus (D:4)
  2 worms (D:3)
  4 dart slugs
  4 orcs
  3 ball pythons
  8 endoplasms
  2 giant cockroaches (D:3)
  6 goblins
  15 hobgoblins
  A quokka (D:1)
  2 bats (D:2)
  3 frilled lizards
  2 kobolds
  4 rats
65 creatures vanquished.

Vanquished Creatures (others)
  2 fungi (D:4)
2 creatures vanquished.

Grand Total: 67 creatures vanquished

Notes
Turn   | Place    | Note
-------+----------+-------------------------------------------
     0 | D:1      | BlackLaughter the Deep Elf Conjurer began the quest for the
                  | Orb.
     0 | D:1      | Reached XP level 1. HP: 10/10 MP: 6/6
   235 | D:1      | Reached XP level 2. HP: 15/15 MP: 1/8
   482 | D:1      | Reached skill level 5 in Conjurations
  1284 | D:2      | Reached XP level 3. HP: 15/19 MP: 0/9
  1461 | D:2      | Identified the +3 spear "Xiwups" {freeze, Fly}
  1683 | D:2      | Noticed Robin
  1804 | D:2      | Killed Robin
  1839 | D:2      | Reached XP level 4. HP: 24/24 MP: 0/12
  3154 | D:3      | Found a blossoming altar of Fedhas.
  3669 | D:4      | Reached XP level 5. HP: 28/28 MP: 11/14
  3672 | D:4      | Reached skill level 1 in Armour
  3836 | D:4      | Found an ornate altar of the Wu Jian Council.
  4106 | D:3      | Reached skill level 5 in Spellcasting
  4334 | D:4      | Noticed Menkaure
  4487 | D:4      | Slain by Menkaure

Illustrated notes

Levels and vault maps discovered:
D:1:      onia_arrival_pyramid, layout_loops_ring, chequers_jeans,
          minmay_misc_feat_tiny, due_unseen_surprise
D:2:      layout_basic, uniq_robin
D:3:      layout_loops_ring, fedhas_altar_1
D:4:      layout_rooms, lemuel_crystal_altar, worldfamousw_hep_ancestral_shrine,
          hangedman_decor_diamond_cutter, hangedman_abyss_or_decor_passed,
          guppyfry_shop_venom, uniq_menkaure, uniq_crazy_yiuf_cottage

Skill      XL: |  1  2  3  4  5 |
---------------+----------------+-----
Conjurations   | 5 |  5.9
Spellcasting   | 4 5 |  5.0
Armour         | 1 |  1.6
Dodging        | 3 |  3.0
Fighting       | |  0.1
Stealth        | |  2.6

Action                   |  1- 3 |  4- 6 || total
-------------------------+-------+-------++-------
Melee: Short sword       |    18 |    10 ||    28
 Cast: Magic Dart        |    72 |   106 ||   178
  Use: Potion            |       |     1 ||     1
Armor: Scale mail        |    66 |    47 ||   113
Dodge: Dodged            |    20 |    18 ||    38
Block: Buckler           |       |     1 ||     1

Table legend: (Time is in decaauts)
 A = Elapsed time spent in this place.
 B = Non-inter-level travel time spent in this place.
 C = Inter-level travel time spent in this place.
 D = Time resting spent in this place.
 E = Time spent auto-exploring this place.
 F = Levels seen in this place.
 G = Mean time per level.
                   A        B        C        D        E       F      G
               +--------+--------+--------+--------+--------+-----+--------+
         Total |   4492 |   4367 |    125 |    394 |   3190 |   4 | 1123.0 |
       Dungeon |   4492 |   4367 |    125 |    394 |   3190 |   4 | 1123.0 |
               +--------+--------+--------+--------+--------+-----+--------+

Top non-repeatable levels by time:
     D:3: 1495 daAuts
     D:2: 1435 daAuts
     D:1: 1153 daAuts
     D:4: 408 daAuts
